 Dungeon Crawl Stone Soup version 0.20.0-10-g0535bb4 (webtiles) character file.

65 nikopol the Skirmisher (level 4, 0/29 HPs)
             Began as a Gargoyle Fighter on June 4, 2017.
             Slain by Grinder (2 damage)
             ... on level 3 of the Dungeon.
             The game lasted 00:02:10 (2157 turns).

nikopol the Skirmisher (Gargoyle Fighter)           Turns: 2157, Time: 00:02:11

Health: 0/29       AC: 10    Str: 20    XL:     4   Next: 14%
Magic:  4/4        EV:  7    Int:  9    God:
Gold:   114        SH:  9    Dex:  9    Spells: 3/3 levels left

rFire    . . .     SeeInvis .   a - +0 flail
rCold    . . .     Gourm    .   c - +0 shield
rNeg     + . .     Faith    .   b - +0 scale mail
rPois    ∞         Spirit   .   (no helmet)
rElec    +         Reflect  .   (no cloak)
rCorr    .         Harm     .   (no gloves)
MR       .....                  (no boots)
Stlth    ..........             (no amulet)
Regen    0.1/turn               (no ring)
MPRegen  0.1/turn               (no ring)

@: no status effects
A: negative energy resistance 1, electricity resistance, unbreathing,
petrification resistance, rot immunity, AC +3
a: no special abilities


You were on level 3 of the Dungeon.
You were not hungry.

You visited 1 branch of the dungeon, and saw 3 of its levels.

You collected 114 gold pieces.

Inventory:

Hand Weapons
 a - a +0 flail (weapon)
Armour
 b - a +0 scale mail (worn)
 c - a +0 shield (worn)
Jewellery
 j - a +3 ring of dexterity {unknown}
Scrolls
 e - 3 scrolls of enchant armour {unknown}
 h - 2 scrolls of blinking {unknown}
 i - a scroll of immolation {unknown}
 m - a scroll of enchant weapon {unknown}
 n - a scroll of magic mapping {unknown}
 q - 2 scrolls of remove curse {unknown}
 r - a scroll of teleportation {unknown}
 s - 2 scrolls of fog {unknown}
 t - a scroll of identify {unknown}
Potions
 d - 4 potions of might
 l - a potion of agility {unknown}
 o - 3 potions of lignification {unknown}
Comestibles
 f - 2 bread rations
 g - a royal jelly
 k - a fruit
 p - 2 chunks of flesh


   Skills:
 + Level 3.8 Fighting
 + Level 2.7 Maces & Flails
 + Level 3.8 Armour
 + Level 0.2 Stealth
 + Level 3.8 Shields


You had 3 spell levels left.
You didn't know any spells.

Dungeon Overview and Level Annotations

Branches:
Dungeon (3/15)

Altars:
Zin

Annotations:
D:3 Grinder


Innate Abilities, Weirdness & Mutations

You are resistant to torment.
Your stone body is resilient. (AC +3)
You are immune to poison.
You resist negative energy. (rN+)
You are resistant to electric shocks. (rElec)
You can survive without breathing.
You are immune to petrification.
You are immune to rotting.


Message History

Grinder is lightly wounded.
Grinder hits you but does no damage.
Grinder says, "FISH!"
Grinder hits you.
You writhe in agony.
You hit Grinder.
Grinder is moderately wounded.
Grinder hits you!
You barely miss Grinder.
Grinder is moderately wounded.
You block Grinder's attack.
You hit Grinder.
Grinder is moderately wounded.
Grinder hits you.
* * * LOW HITPOINT WARNING * * *
You writhe in agony.
* * * LOW HITPOINT WARNING * * *
Grinder hits you.
* * * LOW HITPOINT WARNING * * *
You writhe in agony.
You die...

#.....#
#†#
##...##
#.####
##.##
#....#
#.#
####.#
#.# #.#
##'## #.#
##...##
#.#
#.....##
#5#
.......##
#@#
........#
#.#
........+
..#
........#
...#
.......##
.####
#.....##
#.
##...## #
###'####
.......#


You could see Grinder.

Vanquished Creatures
  A gnoll (D:1)
  An adder (D:2)
  An ooze (D:2)
  2 worms (D:2)
  A leopard gecko (D:2)
  An orc (D:3)
  A ball python (D:3)
  2 giant cockroaches (D:2)
  4 hobgoblins
  4 kobolds
  4 bats
  2 frilled lizards (D:2)
  8 goblins
  3 rats (D:3)
35 creatures vanquished.

Notes
Turn   | Place    | Note
-------+----------+-------------------------------------------
     0 | D:1      | nikopol the Gargoyle Fighter began the quest for the Orb.
     0 | D:1      | Reached XP level 1. HP: 14/14 MP: 1/1
    13 | D:1      | Reached XP level 2. HP: 15/19 MP: 2/2
   873 | D:2      | Reached XP level 3. HP: 22/23 MP: 3/3
  1815 | D:3      | Reached XP level 4. HP: 28/29 MP: 4/4
  1974 | D:3      | Found a glowing silver altar of Zin.
  2139 | D:3      | Noticed Grinder
  2140 | D:3      | Paralysed by Grinder for 6 turns
  2157 | D:3      | Slain by Grinder

Action                   |  1- 3 |  4- 6 || total
-------------------------+-------+-------++-------
Melee: Flail             |   126 |    37 ||   163
  Eat: Chunk             |     2 |     2 ||     4
Armor: Scale mail        |    67 |    21 ||    88
Dodge: Dodged            |    34 |    13 ||    47
Block: Shield            |    48 |    25 ||    73
